 Dungeon Sprint DCSS version 0.17-a0-1741-gd5e8965 (webtiles) character file.

4800000 ztt the Plane Walker (level 27, -35/273 HPs)
             Began as a Ghoul Warper on Aug 31, 2015.
             Was the Champion of Makhleb.
             Killed from afar by a large bag of meat (69 damage)
             ... with an exploding inner flame
             ... in the Dungeon (Sprint VIII: "Arena of Blood").
             The game lasted 00:01:18 (48 turns).

ztt the Plane Walker (Ghoul Warper)                   Turns: 48, Time: 00:01:18

Health: -35/273    AC:  6    Str: 19    XL:     27
Magic:  11/53      EV: 32    Int:  8    God:    Makhleb [******]
Gold:   0          SH:  0    Dex: 17    Spells: 1 memorised, 79 levels left

rFire  . . .     SeeInvis .     l - +∞ Axe of Woe
rCold  + . .     Clarity  .     b - +0 leather armour
rNeg   + + +     SustAt   .     (no shield)
rPois  ∞         Gourm    .     (no helmet)
rElec  .         Spirit   .     (no cloak)
rCorr  .         Warding  .     (no gloves)
rMut   .         NoTele   +     (no boots)
MR     ++...                    (no amulet)
Stlth  +++++++++.               (no ring)
                                (no ring)

@: rotting, very resistant to hostile enchantments, incredibly stealthy
A: rotting body, claws 1, carnivore 3, cold resistance 1, negative energy
resistance 3, slow healing 1, torment resistance, unbreathing
a: Minor Destruction, Lesser Servant of Makhleb, Major Destruction, Greater
Servant of Makhleb, Renounce Religion


You were in the Dungeon.
You worshipped Makhleb.
Makhleb was exalted by your worship.
You were not hungry.

You visited 1 branch

Inventory:

Hand weapons
 a - a +0 hand axe
 l - the +∞ Axe of Woe (weapon)
   (You found it in the Dungeon)
Missiles
 e - 5 tomahawks of dispersal (quivered)
Armour
 b - a +0 leather armour (worn)
Jewellery
 m - an uncursed ring of see invisible
Scrolls
 d - 2 scrolls of blinking
Potions
 g - a potion of curing
 h - a potion of heal wounds
 i - a potion of haste
 j - 2 potions of magic
 k - a potion of berserk rage
Books
 c - a book of Spatial Translocations

   Spells                             Type                      Level
   a - Apportation                    Translocation                1
   b - Blink                          Translocation                2
   c - Shroud of Golubria             Charms/Translocation         2
   d - Portal Projectile              Translocation                3
   e - Teleport Other                 Translocation                3
   f - Passage of Golubria            Translocation                4
Comestibles
 f - a meat ration


   Skills:
 O Level 27 Fighting
 O Level 27 Axes
 O Level 27 Throwing
 O Level 27 Armour
 O Level 27 Dodging
 O Level 27 Stealth
 O Level 27 Unarmed Combat
 O Level 27 Spellcasting
 O Level 27 Translocations
 O Level 27 Invocations


You had 79 spell levels left.
You knew the following spells:

 Your Spells              Type           Power        Failure   Level  Hunger
a - Apportation           Tloc           ######....   0%          1    None


Dungeon Overview and Level Annotations

Branches:
Dungeon (1/1)

Altars:
Makhleb


Innate Abilities, Weirdness & Mutations

Your body is rotting away.
You thrive on raw meat.
You are immune to poison.
You have sharp fingernails.
You are carnivorous and can eat meat at any time.
Your flesh is cold resistant.
You are immune to negative energy.
You heal slowly when monsters are visible.
You are immune to unholy pain and torment.
You can survive without breathing.


Message History

You hear a shout! x3
The destroyer shouts!
Unknown command.
Unknown command.
You are too injured to fight recklessly!
Unknown command.
Unknown command.
You slice the destroyer!!
You hew the destroyer savagely.
You destroy the destroyer!
Makhleb accepts your kill.
You slice the large abomination!!
You hew the large abomination savagely.
You destroy the large abomination!
You hit the tentacled monstrosity but do no damage.
You dissect the tentacled monstrosity like a pig carcass.
You kill the tentacled monstrosity!
You slash the large bag of meat!
You chop the large bag of meat into pieces.
The large bag of meat explodes!
The fiery explosion engulfs you!
You die...

...%.#)))§...#....
.....#§))....#....
......)))X)........
#......§§§§.......#
.......§.)..)....#
#...%...§XoX...##.
..%%.#..)§§o§.#....
........)§§§..#V..#
....##.#.@§§......
.......).........
##....#.X..%####
.......ML..%..#
...............
#..............
###############


You could see an accursed, a tyrant, a destroyer, 4 large abominations and 2
bags of meat.

Vanquished Creatures
  Harold (D)
  5 vampire knights (D)
  18 ogres (D)
  32 orcs (D)
  5 hill giants (D)
  3 skeletal warriors (D)
  2 large abominations (D)
  A small abomination (D)
67 creatures vanquished.

Vanquished Creatures (others)
  2 crawling corpses (D)
2 creatures vanquished.

Grand Total: 69 creatures vanquished

Notes
Turn   | Place    | Note
--------------------------------------------------------------
     0 | D        | ztt the Ghoul Warper began the quest for the Orb.
     0 | D        | Reached XP level 1. HP: 17/17 MP: 2/2
     4 | D        | Noticed a bag of meat
     4 | D        | Became a worshipper of Makhleb the Destroyer
     5 | D        | Noticed a bag of meat
     5 | D        | Noticed a bag of meat
     6 | D        | Noticed a bag of meat
     6 | D        | Noticed a bag of meat
     7 | D        | Noticed a bag of meat
     7 | D        | Noticed a meat berserker
     7 | D        | Noticed a meat berserker
     7 | D        | Noticed a bag of meat
     8 | D        | Noticed a bag of meat
     8 | D        | Noticed a bag of meat
     8 | D        | Killed a bag of meat
     8 | D        | Reached skill level 11 in Fighting
     8 | D        | Reached skill level 10 in Spellcasting
     8 | D        | Reached skill level 17 in Translocations
     8 | D        | Reached XP level 2. HP: 20/41 MP: 2/12
     8 | D        | Reached XP level 3. HP: 23/48 MP: 2/14
     8 | D        | Reached XP level 4. HP: 26/56 MP: 2/15
     8 | D        | Reached XP level 5. HP: 28/62 MP: 2/17
     8 | D        | Reached XP level 6. HP: 31/69 MP: 2/18
     8 | D        | Reached XP level 7. HP: 33/75 MP: 2/20
     8 | D        | Reached XP level 8. HP: 36/83 MP: 2/21
     8 | D        | Reached XP level 9. HP: 39/90 MP: 2/22
     8 | D        | Reached XP level 10. HP: 42/97 MP: 2/23
     8 | D        | Reached XP level 11. HP: 45/104 MP: 2/24
     8 | D        | Reached XP level 12. HP: 48/111 MP: 2/25
     8 | D        | Noticed a bag of meat
     9 | D        | Noticed a large bag of meat
     9 | D        | Noticed a bag of meat
     9 | D        | Killed a bag of meat
     9 | D        | Acquired Makhleb's first power
     9 | D        | Reached skill level 10 in Dodging
     9 | D        | Reached skill level 19 in Translocations
     9 | D        | Reached XP level 13. HP: 50/122 MP: 2/28
     9 | D        | Killed a meat berserker
     9 | D        | Reached skill level 15 in Fighting
     9 | D        | Reached skill level 5 in Throwing
     9 | D        | Reached skill level 22 in Translocations
     9 | D        | Reached XP level 14. HP: 53/135 MP: 2/31
     9 | D        | Killed a meat berserker
     9 | D        | Acquired Makhleb's second power
     9 | D        | Reached skill level 15 in Axes
     9 | D        | Reached skill level 5 in Armour
     9 | D        | Reached skill level 15 in Spellcasting
     9 | D        | Reached skill level 25 in Translocations
     9 | D        | Reached XP level 15. HP: 134/146 MP: 2/33
     9 | D        | Killed a bag of meat
     9 | D        | Reached XP level 16. HP: 154/156 MP: 2/35
    10 | D        | Noticed a bag of meat
    10 | D        | Noticed a bag of meat
    10 | D        | Noticed a bag of meat
    10 | D        | Noticed a bag of meat
    10 | D        | Noticed a bag of meat
    10 | D        | Killed a bag of meat
    10 | D        | Acquired Makhleb's third power
    10 | D        | Reached skill level 15 in Dodging
    10 | D        | Reached skill level 26 in Translocations
    11 | D        | Noticed a bag of meat
    11 | D        | Noticed a bag of meat
    11 | D        | Killed a bag of meat
    11 | D        | Reached skill level 27 in Translocations
    12 | D        | Killed a bag of meat
    12 | D        | Acquired Makhleb's fourth power
    12 | D        | Reached XP level 17. HP: 165/171 MP: 3/38
    12 | D        | Killed a bag of meat
    13 | D        | Noticed a bag of meat
    13 | D        | Noticed a large bag of meat
    13 | D        | Noticed a meat berserker
    13 | D        | Noticed a meat berserker
    13 | D        | Killed a bag of meat
    14 | D        | Killed a large bag of meat
    14 | D        | Acquired Makhleb's fifth power
    14 | D        | Killed a bag of meat
    14 | D        | Reached XP level 18. HP: 184/190 MP: 3/41
    15 | D        | Noticed a bag of meat
    15 | D        | Noticed a bag of meat
    15 | D        | Noticed a meat berserker
    15 | D        | Noticed a meat berserker
    15 | D        | Killed a bag of meat
    15 | D        | Killed a bag of meat
    16 | D        | Noticed a meat berserker
    16 | D        | Noticed a meat berserker
    16 | D        | Killed a bag of meat
    16 | D        | Killed a bag of meat
    16 | D        | Reached XP level 19. HP: 201/205 MP: 4/44
    17 | D        | Killed a bag of meat
    17 | D        | Reached skill level 27 in Fighting
    17 | D        | Killed a bag of meat
    17 | D        | Reached skill level 10 in Armour
    17 | D        | Killed a bag of meat
    17 | D        | Reached skill level 27 in Axes
    17 | D        | Killed a meat berserker
    17 | D        | Reached XP level 20. HP: 216/216 MP: 4/49
    17 | D        | Killed a meat berserker
    17 | D        | Reached skill level 10 in Throwing
    17 | D        | Reached skill level 27 in Spellcasting
    18 | D        | Noticed a bag of meat
    18 | D        | Noticed a meat berserker
    18 | D        | Noticed a meat berserker
    18 | D        | Noticed a bag of meat
    19 | D        | Noticed a bag of meat
    19 | D        | Killed a bag of meat
    19 | D        | Reached skill level 15 in Armour
    19 | D        | Reached skill level 27 in Dodging
    20 | D        | Killed a meat berserker
    20 | D        | Reached skill level 15 in Throwing
    20 | D        | Reached XP level 21. HP: 224/224 MP: 5/51
    20 | D        | Killed a meat berserker
    20 | D        | Killed a meat berserker
    21 | D        | Noticed a meat berserker
    21 | D        | Killed a meat berserker
    21 | D        | Reached skill level 27 in Armour
    21 | D        | Reached XP level 22. HP: 233/233 MP: 5/52
    21 | D        | Killed a bag of meat
    21 | D        | Reached skill level 27 in Throwing
    21 | D        | Killed a large bag of meat
    22 | D        | Noticed a bag of meat
    22 | D        | Killed a meat berserker
    22 | D        | Killed a meat berserker
    22 | D        | Reached XP level 23. HP: 240/240 MP: 5/53
    23 | D        | Noticed a large bag of meat
    23 | D        | Noticed a bag of meat
    23 | D        | Noticed a meat berserker
    23 | D        | Noticed a meat berserker
    23 | D        | Killed a meat berserker
    23 | D        | Killed a bag of meat
    24 | D        | Killed a bag of meat
    25 | D        | Noticed a meat berserker
    25 | D        | Noticed a bag of meat
    25 | D        | Noticed a meat berserker
    26 | D        | Killed a bag of meat
    26 | D        | Reached skill level 27 in Stealth
    26 | D        | Reached XP level 24. HP: 246/249 MP: 6/53
    26 | D        | Killed a bag of meat
    26 | D        | Killed a bag of meat
    27 | D        | Noticed a bag of meat
    27 | D        | Noticed a bag of meat
    27 | D        | Noticed a large bag of meat
    28 | D        | Noticed a destroyer
    28 | D        | Noticed a destroyer
    28 | D        | Noticed a large bag of meat
    28 | D        | Killed a meat berserker
    28 | D        | Reached skill level 27 in Unarmed Combat
    28 | D        | Reached skill level 27 in Invocations
    28 | D        | Killed a bag of meat
    29 | D        | Killed a meat berserker
    29 | D        | Killed a destroyer
    29 | D        | Reached XP level 25. HP: 257/257 MP: 7/53
    30 | D        | Noticed a meat berserker
    30 | D        | Killed a meat berserker
    30 | D        | Killed a meat berserker
    30 | D        | Killed a bag of meat
    30 | D        | Reached XP level 26. HP: 266/266 MP: 7/53
    30 | D        | Killed a bag of meat
    31 | D        | Noticed a sculptor of flesh
    31 | D        | Killed a large bag of meat
    31 | D        | Killed a large bag of meat
    32 | D        | Killed a sculptor of flesh
    33 | D        | Noticed a bag of meat
    34 | D        | Noticed The Servant
    34 | D        | Killed a destroyer
    34 | D        | Killed a bag of meat
    34 | D        | Killed a bag of meat
    35 | D        | Noticed a destroyer
    35 | D        | Noticed a sculptor of flesh
    35 | D        | Killed a large bag of meat
    35 | D        | Reached XP level 27. HP: 273/273 MP: 9/53
    36 | D        | Noticed a meat berserker
    36 | D        | Noticed a destroyer
    36 | D        | Noticed a meat berserker
    36 | D        | Noticed a bag of meat
    37 | D        | Noticed a bag of meat
    37 | D        | Noticed a large bag of meat
    37 | D        | Noticed a bag of meat
    38 | D        | Noticed a sculptor of flesh
    38 | D        | Killed a meat berserker
    38 | D        | Killed a meat berserker
    38 | D        | Killed a destroyer
    38 | D        | Killed a bag of meat
    39 | D        | Noticed a destroyer
    39 | D        | Killed a bag of meat
    40 | D        | Noticed a bag of meat
    42 | D        | Killed a destroyer
    42 | D        | Killed a meat berserker
    42 | D        | Killed a sculptor of flesh
    42 | D        | Killed The Servant
    44 | D        | Noticed a tyrant
    45 | D        | Killed a sculptor of flesh
    46 | D        | Noticed an accursed
    46 | D        | Killed a bag of meat
    46 | D        | Killed a bag of meat
    47 | D        | Noticed a destroyer
    48 | D        | Killed a destroyer
    48 | D        | Killed a large bag of meat
    48 | D        | Killed from afar by a large bag of meat

Vault maps used:
D:        meatsprint

Action                   |  1- 3 |  4- 6 |  7- 9 | 10-12 | 13-15 | 16-18 | 19-21 | 22-24 | 25-27 || total
-------------------------+-------+-------+-------+-------+-------+-------+-------+-------+-------++-------
Melee: Executioner's axe |     1 |       |       |     1 |       |     7 |     4 |     6 |    11 ||    30
 Cast: Apportation       |       |       |       |       |       |       |       |       |     1 ||     1
